AoeStats
← łahcim

Arena

507061193Analyzed
4v4 RM · 15d ago on Sep 16, 2026· 36m 42s· 8 players
Game mode
Random Map
Map size
Large (8 player)
Population
200
Speed
Normal
Resources
Standard
Victory
Conquest
Starting age
Dark Age
Ending age
Imperial Age
RankedLock teamsTeams togetherTeam positionsShared explorationLock speedFull tech treeHidden civsTurbo modeCheats
Victory
Defeat
🇹🇷 Persians · Türkiye
992
+14
🇷🇴 Maya · Romania
986
+14
🇨🇳 Wu · China
916
+17
🇵🇱 Persians · Poland
876
+40
🇺🇸 Khmer · United States
941
-16
🇫🇷 Poles · France
937
-16
🇨🇳 Turks · China
933
-16
🇵🇱 Franks · Poland
924
-15
BIZONADE
11:00 Feudal Age
14:12 Castle Age
12:38 Double-Bit Axe
16:29 Horse Collar
29:35 Imperial Age
26:51 Loom
28:00 Light Cavalry
28:51 Bloodlines
28:41 Husbandry
33:04 Ballistics
33:45 Chemistry
32:50 Siege Engineers
32:39 Fletching
33:56 Wheelbarrow
33:07 Town Watch
33:17 Gold Mining
33:17 Stone Mining
33:42 Bow Saw
33:37 Heavy Plow
33:55 Bodkin Arrow
34:35 Murder Holes
35:15 Conscription
35:10 Heavy Scorpion
37:03 Gold Shaft Mining
37:04 Stone Shaft Mining
37:04 Double Crossbow
gombert.alexandre
0:59 Loom
13:36 Feudal Age
14:24 Double-Bit Axe
17:12 Wheelbarrow
20:11 Castle Age
18:38 Horse Collar
19:27 Stone Mining
22:13 Forging
24:47 Pikeman
25:59 Scale Mail Armor
27:01 Heavy Plow
29:05 Squires
29:42 Iron Casting
29:31 Arson
30:25 Bow Saw
31:51 Chain Mail Armor
32:15 Gold Mining
37:54 Imperial Age
Special Air (SAS)
9:54 Feudal Age
13:06 Double-Bit Axe
16:11 Castle Age
18:22 Bow Saw
20:03 Wheelbarrow
20:45 Stone Mining
24:06 Gold Mining
24:35 Hand Cart
24:11 Loom
24:17 Town Watch
26:28 Gold Shaft Mining
26:33 Forging
31:02 Imperial Age
30:27 Iron Casting
29:53 Scale Mail Armor
29:58 Scale Barding Armor
30:42 Husbandry
31:15 Cavalier
33:46 Paladin
36:11 Blast Furnace
fj0083
6:04 Loom
12:04 Feudal Age
12:35 Horse Collar
12:49 Double-Bit Axe
19:11 Castle Age
17:21 Gold Mining
19:37 Man-at-Arms
łahcim
11:55 Feudal Age
17:30 Castle Age
15:57 Double-Bit Axe
16:43 Gold Mining
18:56 Bow Saw
19:33 Gold Shaft Mining
19:40 Scale Barding Armor
23:39 Wheelbarrow
24:11 Chain Barding Armor
24:06 Town Watch
25:26 Forging
25:33 Horse Collar
26:06 Loom
28:00 Hand Cart
30:59 Imperial Age
28:47 Heavy Plow
31:48 Iron Casting
TranceAddict95
10:23 Feudal Age
14:31 Castle Age
13:02 Gold Mining
13:07 Double-Bit Axe
16:09 Squires
17:58 Loom
24:00 Bow Saw
24:15 Arson
26:45 Forging
27:17 Eagle Warrior
31:44 Horse Collar
35:04 Imperial Age
33:07 Stone Mining
33:56 Wheelbarrow
33:26 Heavy Plow
33:30 Fletching
34:02 Padded Archer Armor
34:06 Town Watch
35:34 Bodkin Arrow
36:22 Masonry
37:01 Leather Archer Armor
ナンゴン ウェニア
11:01 Feudal Age
14:43 Castle Age
12:51 Double-Bit Axe
13:31 Horse Collar
19:46 Wheelbarrow
20:06 Stone Mining
21:57 Hand Cart
21:39 Gold Mining
22:07 Bow Saw
25:15 Stone Shaft Mining
25:16 Gold Shaft Mining
24:45 Heavy Plow
26:58 Fletching
30:00 Imperial Age
27:34 Padded Archer Armor
28:46 Leather Archer Armor
28:27 Bodkin Arrow
28:40 Town Watch
28:40 Loom
30:04 Ballistics
30:02 Red Cliffs Tactics
31:43 Chemistry
30:44 Bracer
30:07 Elite Fire Archer
31:07 Conscription
31:16 Conscription
31:32 Conscription
33:07 Murder Holes
33:50 Forging
33:40 Scale Mail Armor
37:34 Two-Man Saw
siyah1903beyaz80
9:57 Feudal Age
10:22 Double-Bit Axe
17:45 Castle Age
17:05 Scale Barding Armor
18:31 Bow Saw
18:39 Horse Collar
20:53 Wheelbarrow
20:27 Stone Mining
21:31 Gold Mining
22:45 Hand Cart
22:58 Heavy Plow
25:01 Stone Shaft Mining
26:14 Gold Shaft Mining
29:51 Chain Barding Armor
30:18 Husbandry
29:42 Man-at-Arms
30:08 Gambesons
30:08 Arson
30:43 Long Swordsman
32:04 Forging
35:04 Imperial Age
34:45 Iron Casting
34:30 Scale Mail Armor
35:10 Elite War Elephant
35:33 Cavalier
36:50 Plate Barding Armor
Connection lost

Rejoining the realm…

Still unreachable

The connection could not be restored.

Session expired

The server has moved on; the page needs a fresh start.